 Dungeon Crawl Stone Soup version bcrawl-1.31.4 (webtiles) character file.

Game seed: 1503145610620747156

242788 Morbidden the Ruffian (level 8, -3/74 HPs)
             Began as a Troll Archaeologist on May 26, 2021.
             Was a Follower of Cheibriados.
             Slain by a bullfrog (6 damage)
             ... on level 6 of the Dungeon.
             The game lasted 00:07:09 (4740 turns).

Morbidden the Ruffian (Troll Archaeologist)         Turns: 4740, Time: 00:07:09

Health: -3/74      AC: 10    Str: 24    XL:     8   Next: 21%
Magic:  19/19      EV: 10    Int: 23    God:    Cheibriados [*.....]
Gold:   334        SH:  0    Dex: 10    Spells: 9/10 levels left

rFire    . . .     SeeInvis .     - Claws (19.6)
rCold    . . .     Gourm    +   (no shield)
rNeg     . . .     Faith    .   (armour unavailable)
rPois    .         Spirit   .   f - +3 hat of Pondering {ponderous, MR+ MP+10 Int+5}
rElec    .         Reflect  .   (no cloak)
rCorr    .         Harm     .   (gloves unavailable)
MR       +....                  (boots unavailable)
Stlth    ++........             (no amulet)
HPRegen  0.62/turn              (no ring)
MPRegen  0.16/turn              (no ring)

@: brilliant, very slow
A: large, almost no armour, claws 3, fast metabolism 3, gourmand, regeneration
1, AC +7
a: Bend Time, Renounce Religion


You were on level 6 of the Dungeon.
You worshipped Cheibriados.
Cheibriados was aware of your devotion.
You were full.

You visited 2 branches of the dungeon, and saw 7 of its levels.

You collected 334 gold pieces.

Inventory:

Hand Weapons
 b - a +0 hunting sling
 l - a +0 blowgun
Missiles
 d - 6 curare-tipped needles
 j - 1313 stones
 k - 45 poisoned needles
 n - 141 poisoned tomahawks (quivered)
 o - 119 javelins
 r - 247 sling bullets
 w - 70 large rocks
Armour
 f - the +3 hat of Pondering (worn) {ponderous, MR+ MP+10 Int+5}
   (You acquired it on level 3 of the Dungeon)

   It affects your intelligence (+5).
   It affects your resistance to hostile enchantments.
   It affects your magic capacity (+10).
 t - a +1 cloak
Wands
 q - a wand of polymorph (4)
Scrolls
 c - a scroll of remove curse
 g - 2 scrolls of magic mapping
 i - 7 scrolls of identify
 m - a scroll of fog {unknown}
 p - a scroll of fear {unknown}
 u - 2 scrolls of enchant armour
 v - a scroll of enchant weapon {unknown}
Potions
 h - a potion of flight {unknown}
 s - a potion of resistance
 x - a potion of ambrosia {unknown}
Comestibles
 e - 8 rations {!d}


   Skills:
 * Level 2.7 Fighting
   Level 1.0 Maces & Flails
 + Level 1.3(2.1) Slings
 * Level 3.3(3.6) Throwing
 + Level 3.6 Dodging
 + Level 2.4 Stealth
 + Level 4.6 Unarmed Combat
 * Level 1.7 Spellcasting
 * Level 1.8 Conjurations
 * Level 2.0 Invocations


You had 9 spell levels left.
You knew the following spells:

 Your Spells              Type           Power        Failure   Level  Hunger
a - Magic Dart            Conj           ###.         1%          1    None

Your spell library contained the following spells:

 Spells                   Type           Power        Failure   Level  Hunger
 Blink                    Tloc           N/A          2%          2    ###....
 Call Imp                 Summ           ###...       2%          2    ###....
 Conjure Flame            Conj/Fire      ###.....     3%          3    ####...
 Mephitic Cloud           Conj/Pois/Air  ###.....     3%          3    ####...
 Spider Form              Tmut/Pois      ###          4%          3    ####...


Dungeon Overview and Level Annotations

Branches:
Dungeon (6/12)             Temple (1/1) D:4

Altars:
Ashenzari
Cheibriados
Elyvilon
Hepliaklqana
Kikubaaqudgha
Lugonu
Makhleb
Okawaru
Ru
Sif Muna
Uskayaw
Vehumet
Xom

Annotations:
D:4 1 runed translucent door, Maksi666's ghost, novice CeSk


Innate Abilities, Weirdness & Mutations

You cannot wear most types of armour.
Your thick skin is tough. (AC +7)
You are too large for most types of armour.
You have claws for hands.
Your metabolism is lightning-fast.
You like to eat raw meat.
Your natural rate of healing is unusually fast.


Message History

Okay, then.
Evoke which item? (* to show all) (? for menu, Esc to quit)
Aiming: Polymorph
Press: ? - help, Shift-Dir - straight line, f/p - orc warrior
Aim: an orc warrior, wielding a +0 halberd and wearing a +0 chain mail (chance to defeat MR: 46%)
The orc warrior evaporates and reforms as an ogre!
The bullfrog hits you!
* * * LOW HITPOINT WARNING * * *
No path to travel!
No path to travel!
Unknown command.
Evoke which item? (* to show all) (? for menu, Esc to quit)
Okay, then.
It was a potion of brilliance.
You feel clever all of a sudden.
The bullfrog hits you but does no damage.
The ogre chortles and stares into space.
A kobold comes into view.
It is wielding a +0 dagger and quivering 44 poisoned needles.
The bullfrog hits you.
You die...

#### ###############
.... ..$...........#
.... .....O........#
.... .....).@......#
....
....o.F......>##########
....
........................
....
K.............#.#.#.#.#.
....
........................
....
..............#.##'##.##
....
................#...#..#
....
..............#.'...'.##
....
...........<...#...#..#


You could see an ogre (confused), a bullfrog, an orc wizard and a kobold.

Vanquished Creatures
  Menkaure (D:5)
  Edmund (D:5)
  An ogre (D:4)
  A sky beast (D:5)
  2 bullfrogs
  Blork the orc (D:5)
  3 scorpions
  A howler monkey (D:6)
  A jelly (D:5)
  2 bullfrog skeletons
  A hound (D:5)
  2 iguanas (D:4)
  Ijyb (D:3)
  3 worker ants
  5 adders
  3 oozes
  An adder skeleton (D:4)
  2 worms (D:3)
  2 dart slugs (D:1)
  3 leopard geckos
  9 orcs
  5 bats
  5 giant cockroaches
  3 goblins (D:1)
  10 hobgoblins
  6 jackals
  2 quokkas
  2 ball pythons
  2 frilled lizards
  A jackal skeleton (D:4)
  14 kobolds
  A quokka skeleton (D:2)
  7 rats
104 creatures vanquished.

Notes
Turn   | Place    | Note
-------+----------+-------------------------------------------
     0 | D:1      | Morbidden the Troll Archaeologist began the quest for the
                  | Orb.
     0 | D:1      | Reached XP level 1. HP: 18/18 MP: 0/0
   263 | D:1      | Reached XP level 2. HP: 22/26 MP: 1/1
   413 | D:1      | Reached skill level 1 in Unarmed Combat
   664 | D:1      | Reached XP level 3. HP: 29/32 MP: 2/2
  1393 | D:2      | Reached skill level 1 in Fighting
  1671 | D:2      | Gained mutation: Your natural rate of healing is unusually
                  | fast. [Troll growth]
  1671 | D:2      | Reached XP level 4. HP: 40/41 MP: 3/3
  1680 | D:2      | Reached skill level 2 in Unarmed Combat
  2049 | D:3      | Reached skill level 1 in Throwing
  2221 | D:3      | Noticed Ijyb
  2229 | D:3      | Killed Ijyb
  2230 | D:3      | Reached XP level 5. HP: 48/48 MP: 4/4
  2230 | D:3      | Identified a scroll of acquirement
  2241 | D:3      | Identified the +6 bardiche "Dragonslayer" {pain, rElec
                  | Str-2 Dex+10} (You acquired it on level 3 of the Dungeon)
  2241 | D:3      | Identified the ring "Jiboemmu" {rElec rC- rN+ MR+} (You
                  | acquired it on level 3 of the Dungeon)
  2242 | D:3      | Found the +3 hat of Pondering {ponderous, MR+ MP+10 Int+5}
  2505 | D:3      | Found a faded altar of an unknown god.
  2926 | D:4      | Noticed an ogre
  2935 | D:4      | Killed an ogre
  2936 | D:4      | Reached skill level 3 in Unarmed Combat
  2943 | D:4      | Reached XP level 6. HP: 19/57 MP: 5/5
  3229 | D:4      | Learned a level 1 spell: Magic Dart
  3440 | D:4      | Found a staircase to the Ecumenical Temple.
  3468 | Temple   | Entered the Ecumenical Temple
  3490 | Temple   | Became a worshipper of Cheibriados the Contemplative
  3618 | D:4      | Found a runed translucent door.
  3624 | D:4      | Noticed Maksi666's ghost (novice CeSk)
  3866 | D:4      | Reached skill level 1 in Slings
  4070 | D:5      | Entered Level 5 of the Dungeon
  4136 | D:5      | Reached XP level 7. HP: 65/65 MP: 7/7
  4155 | D:5      | Reached skill level 1 in Spellcasting
  4211 | D:5      | Noticed Edmund
  4222 | D:5      | Killed Edmund
  4223 | D:5      | Reached skill level 4 in Unarmed Combat
  4223 | D:5      | Reached skill level 1 in Conjurations
  4223 | D:5      | Reached skill level 1 in Invocations
  4318 | D:5      | Noticed Menkaure
  4324 | D:5      | Killed Menkaure
  4363 | D:5      | Noticed Blork the orc
  4375 | D:5      | Killed Blork the orc
  4451 | D:5      | Reached XP level 8. HP: 74/74 MP: 9/9
  4659 | D:5      | Reached * piety under Cheibriados
  4739 | D:6      | HP: 3/74 [bullfrog (7)]
  4740 | D:6      | Slain by a bullfrog

Skill      XL: |  1  2  3  4  5  6  7  8 |
---------------+-------------------------+-----
Stealth        | 2 |  2.4
Unarmed Combat | 1 2 3 4 |  4.6
Fighting       | 1 2 |  2.7
Throwing       | 1 2 3 |  3.3
Dodging        | 3 |  3.6
Slings         | 1 |  1.3
Spellcasting   | 1 |  1.7
Conjurations   | 1 |  1.8
Invocations    | 1 2 |  2.0
Maces & Flails | |  1.0

Action                   |  1- 3 |  4- 6 |  7- 9 || total
-------------------------+-------+-------+-------++-------
Melee: Unarmed           |   163 |   137 |    57 ||   357
       Punch             |       |     2 |     2 ||     4
 Fire: Hunting sling     |       |    14 |    24 ||    38
Throw: Stone             |       |    38 |     8 ||    46
       Tomahawk          |       |     7 |     9 ||    16
Evoke: Wand              |       |       |     1 ||     1
  Use: Scroll            |     1 |     1 |     1 ||     3
       Potion            |       |       |     1 ||     1
 Stab: Sleeping          |     1 |       |       ||     1
       Distracted        |       |       |     1 ||     1
  Eat: Chunk             |    19 |    19 |     7 ||    45
Armor: Skin              |    64 |    52 |    38 ||   154
Dodge: Dodged            |    86 |    71 |    33 ||   190
